 Dungeon Crawl Stone Soup version 0.21.1-1-g345015f (webtiles) character file.

294 tyranidshit the Skirmisher (level 6, 0/53 HPs)
             Began as a Demonspawn Abyssal Knight on June 12, 2018.
             Was a Believer of Lugonu.
             Slain by a gnoll
             ... wielding a +0 halberd
              (13 damage)
             ... on level 3 of the Dungeon.
             The game lasted 00:05:46 (1600 turns).

tyranidshit the Skirmisher (DsAK)                   Turns: 1600, Time: 00:05:47

Health: 0/53       AC: 13    Str: 18    XL:     6   Next: 11%
Magic:  7/7        EV: 11    Int: 13    God:    Lugonu [**....]
Gold:   156        SH:  0    Dex: 12    Spells: 5/5 levels left

rFire    . . .     SeeInvis .   a - +2 hand axe
rCold    . . .     Gourm    .   (no shield)
rNeg     . . .     Faith    .   g - +2 leather armour {rPois}
rPois    +         Spirit   .   d - +1 helmet
rElec    .         Reflect  .   (no cloak)
rCorr    .         Harm     .   (no gloves)
MR       .....                  (no boots)
Stlth    +.........             (no amulet)
HPRegen  1.17/turn              l - +4 ring of protection
MPRegen  0.10/turn              h - +3 ring of strength

@: no status effects
A: talons 1, icy blue scales 1, demonic guardian 1, powered by death 1
a: Depart the Abyss, Bend Space, Renounce Religion


You were on level 3 of the Dungeon.
You worshipped Lugonu.
Lugonu was pleased with you.
You were not hungry.

You visited 1 branch of the dungeon, and saw 3 of its levels.
You visited the Abyss 1 time.

You collected 156 gold pieces.

Inventory:

Hand Weapons
 a - a +2 hand axe (weapon)
Armour
 b - a +0 leather armour
 d - a +1 helmet (worn)
 g - a +2 leather armour of poison resistance (worn)
Jewellery
 e - an uncursed ring of protection from magic
 h - a +3 ring of strength (right hand)
 i - an uncursed ring of protection from fire
 j - an uncursed ring of stealth
 l - a +4 ring of protection (left hand)
Wands
 o - a wand of random effects (13)
 p - a wand of polymorph (6)
Scrolls
 f - 2 scrolls of remove curse
 k - a scroll of enchant weapon
 m - a scroll of teleportation
 n - a scroll of blinking
Potions
 q - a potion of heal wounds
Comestibles
 c - 4 rations


   Skills:
 + Level 6.9 Fighting
 - Level 1.7 Axes
 - Level 1.7 Armour
 - Level 0.8 Dodging
 - Level 2.4 Invocations


You had 5 spell levels left.
You didn't know any spells.

Dungeon Overview and Level Annotations

Branches:
Dungeon (3/15)

Altars:
Ashenzari
Zin

Shops:
D:2 *


Innate Abilities, Weirdness & Mutations

You have sharp toenails.
You are partially covered in icy blue scales. (AC +2)
A weak demonic guardian rushes to your aid.
You regenerate a little health from kills.


Message History

* * * LOW HITPOINT WARNING * * *
The gnoll hits you but does no damage.
Your white imp gestures at the gnoll.
The puff of frost hits the gnoll.
The gnoll dies!
Lugonu accepts your kill. The orc hits you with a flail.
* * * LOW HITPOINT WARNING * * *
The gnoll closely misses you. The gnoll barely misses you.
The orc barely misses you.
You see here a spear.
You hit the gnoll but do no damage.
The gnoll is severely wounded.
You barely miss the gnoll. You barely miss the orc.
The gnoll hits you but does no damage.
Your white imp hits the orc.
Your white imp freezes the orc.
The orc dies!
Lugonu accepts your kill.
You can now bend space around yourself.
The gnoll hits you with a halberd!
You die...

. #.................. ..
#####.............. ...
###†..##........
...####......'........
......#.###.##...##.#
........# #..#...+ .
#.......####.#..)## ...
.......###......5)#.....
##.###....).#...@gw.....
................Kg...##.
##.###.........#........
#..............###.....
##...........##.# .....
.............##. .....
....###......### ...?
....# #........ ...
....# ###.......


You could see 2 gnolls, a dart slug, a kobold and a friendly white imp.

Vanquished Creatures
  Sigmund (D:3)
  Ijyb (D:3)
  6 adders
  3 leopard geckos (D:1)
  2 orcs (D:3)
  2 giant cockroaches
  6 hobgoblins
  A quokka (D:2)
  6 bats
  3 frilled lizards (D:1)
  9 goblins
  A kobold (D:3)
  4 rats
45 creatures vanquished.

Vanquished Creatures (collateral kills)
  A gnoll (D:3)
  2 orcs (D:3)
3 creatures vanquished.

Grand Total: 48 creatures vanquished

Notes
Turn   | Place    | Note
-------+----------+-------------------------------------------
     0 | Abyss:1  | tyranidshit the Demonspawn Abyssal Knight began the quest for the Orb.
     0 | Abyss:1  | Reached XP level 1. HP: 18/18 MP: 2/2
    67 | Abyss:1  | Noticed a raiju
    84 | Abyss:1  | Noticed a tentacled starspawn
    88 | D:1      | Escaped the Abyss
   194 | D:1      | Reached * piety under Lugonu
   223 | D:1      | Gained mutation: You have sharp toenails. [demonic ancestry]
   223 | D:1      | Reached XP level 2. HP: 10/24 MP: 3/3
   533 | D:1      | Reached skill level 4 in Fighting
   936 | D:2      | Gained mutation: You are partially covered in icy blue scales. (AC +2) [demonic ancestry]
   936 | D:2      | Reached XP level 3. HP: 30/30 MP: 4/4
  1013 | D:2      | Found Zin's Purification Station.
  1015 | D:2      | Found a glowing silver altar of Zin.
  1160 | D:2      | Found a shattered altar of Ashenzari.
  1316 | D:2      | Reached skill level 5 in Fighting
  1316 | D:2      | Reached XP level 4. HP: 39/39 MP: 5/5
  1475 | D:3      | Noticed Ijyb
  1486 | D:3      | Killed Ijyb
  1524 | D:3      | Noticed Sigmund
  1539 | D:3      | Killed Sigmund
  1539 | D:3      | Reached skill level 6 in Fighting
  1539 | D:3      | Gained mutation: You regenerate a little health from kills. [demonic ancestry]
  1539 | D:3      | Reached XP level 5. HP: 15/47 MP: 6/6
  1539 | D:3      | Gained mutation: A weak demonic guardian rushes to your aid. [demonic ancestry]
  1539 | D:3      | Reached XP level 6. HP: 17/53 MP: 7/7
  1600 | D:3      | Reached ** piety under Lugonu
  1600 | D:3      | Slain by a gnoll

Skill      XL: |  1  2  3  4 |
---------------+-------------+-----
Fighting       | 4 5 6 |  6.9
Axes           | |  1.7
Armour         | |  1.7
Dodging        | |  0.8
Invocations    | |  2.4

Action                   |  1- 3 |  4- 6 || total
-------------------------+-------+-------++-------
Melee: Hand axe          |   106 |    39 ||   145
       Kick              |    16 |     9 ||    25
Invok: Depart the Abyss  |     1 |       ||     1
  Use: Scroll            |     3 |     6 ||     9
       Potion            |     2 |     2 ||     4
 Stab: Sleeping          |       |     1 ||     1
  Eat: Chunk             |     1 |     1 ||     2
Armor: Leather armour    |    60 |    16 ||    76
Dodge: Dodged            |    72 |    37 ||   109
